 Dungeon Crawl Stone Soup version 0.25-b1-29-g4cfa5c7bda (webtiles) character file.

Game seed: 1026224350373987489, levelgen mode: deterministic

82 Mrkan the Shield-Bearer (level 4, -4/29 HPs)
             Began as a Gargoyle Fighter on June 3, 2020.
             Slain by Sigmund
             ... wielding a +0 scythe
              (7 damage)
             ... on level 2 of the Dungeon.
             The game lasted 00:02:37 (1441 turns).

Mrkan the Shield-Bearer (Gargoyle Fighter)          Turns: 1441, Time: 00:02:37

Health: -4/29      AC: 10    Str: 20    XL:     4   Next: 43%
Magic:  4/4        EV:  7    Int:  9    God:
Gold:   81         SH:  0    Dex:  9    Spells: 3/3 levels left

rFire    . . .     SeeInvis .   a - +0 flail
rCold    . . .     Gourm    .   c - +0 kite shield
rNeg     + . .     Faith    .   b - +0 scale mail
rPois    ∞         Spirit   .   (no helmet)
rElec    +         Reflect  .   (no cloak)
rCorr    .         Harm     .   (no gloves)
MR       .....                  (no boots)
Stlth    ..........             (no amulet)
HPRegen  0.09/turn              (no ring)
MPRegen  0.09/turn              (no ring)

@: confused, mighty
A: negative energy resistance 1, electricity resistance, unbreathing,
petrification resistance, rot immunity, AC +3
a: no special abilities


You were on level 2 of the Dungeon.
You were not hungry.

You visited 1 branch of the dungeon, and saw 2 of its levels.

You collected 81 gold pieces.

Inventory:

Hand Weapons
 a - a +0 flail (weapon)
Armour
 b - a +0 scale mail (worn)
 c - a +0 kite shield (worn)
 i - a +0 cloak
Jewellery
 h - a +6 ring of intelligence {unknown}
Scrolls
 e - a scroll of identify {unknown}
 g - 2 scrolls of remove curse {unknown}
 l - a scroll of blinking {unknown}
 m - a scroll of magic mapping {unknown}
 p - a scroll of teleportation {unknown}
Potions
 k - 3 potions of degeneration {unknown}
 n - a potion of haste {unknown}
 o - a potion of mutation {unknown}
Comestibles
 f - 3 rations
 j - 7 chunks of flesh


   Skills:
 + Level 3.8 Fighting
 * Level 3.2 Maces & Flails
 + Level 3.8 Armour
 + Level 3.8 Shields


You had 3 spell levels left.
You didn't know any spells.
Your spell library was empty.

Dungeon Overview and Level Annotations

Branches:
Dungeon (2/15)

Altars:
Qazlal

Annotations:
D:2 Sigmund


Innate Abilities, Weirdness & Mutations

You are resistant to torment.
Your stone body is resilient. (AC +3)
You are immune to poison.
You resist negative energy. (rN+)
You are resistant to electric shocks. (rElec)
You can survive without breathing.
You are immune to petrification.
You are immune to rotting.


Message History

* * * LOW HITPOINT WARNING * * *
You closely miss Sigmund.
Sigmund is severely wounded.
Sigmund barely misses you.
You hit Sigmund.
Sigmund is severely wounded.
Sigmund casts a spell at you. The magic dart hits you.
* * * LOW HITPOINT WARNING * * *
Your shield prevents you from hitting Sigmund.
Sigmund is severely wounded.
Sigmund points at you and mumbles some strange words.
You are confused.
You bump into the rock wall.
Sigmund hits you but does no damage.
You feel very mighty all of a sudden. Sigmund barely misses you.
You barely miss Sigmund.
Sigmund is severely wounded.
You bump into the rock wall.
Sigmund hits you with a +0 scythe!
You die...

#.# #.# #.# #.#
..# #.# #.# #.#
#.# #.# #.# #.#
#.# #.# #@# #.#
#@#
#.############.#
#....†.........#
#.##############
###


You could see Sigmund.

Vanquished Creatures
  Jessica (D:2)
  2 adders (D:2)
  A leopard gecko (D:1)
  A giant cockroach (D:2)
  6 goblins
  4 hobgoblins
  4 kobolds
  A ball python (D:1)
  6 bats
  6 frilled lizards
  8 rats
40 creatures vanquished.

Notes
Turn   | Place    | Note
-------+----------+-------------------------------------------
     0 | D:1      | Mrkan the Gargoyle Fighter began the quest for the Orb.
     0 | D:1      | Reached XP level 1. HP: 14/14 MP: 1/1
   121 | D:1      | Reached XP level 2. HP: 4/19 MP: 2/2
   725 | D:1      | Reached XP level 3. HP: 23/23 MP: 3/3
   908 | D:2      | Noticed Jessica
   919 | D:2      | Killed Jessica
  1001 | D:2      | Reached XP level 4. HP: 28/29 MP: 4/4
  1057 | D:2      | Found a stormy altar of Qazlal.
  1426 | D:2      | Noticed Sigmund
  1441 | D:2      | Slain by Sigmund

Illustrated notes

Levels and vault maps discovered:
D:1:      wander_arrival_fairy_ring, layout_rooms, lemuel_another_geyser
D:2:      layout_basic, overflow_temple_1_default,
          eat_drink_and_be_merry_uskayaw, minmay_heptomino_d4, uniq_jessica,
          uniq_sigmund

Skill      XL: |  1  2  3 |
---------------+----------+-----
Maces & Flails | 3 |  3.2
Fighting       | |  3.8
Armour         | |  3.8
Shields        | |  3.8

Action                   |  1- 3 |  4- 6 || total
-------------------------+-------+-------++-------
Melee: Flail             |   122 |    52 ||   174
  Use: Potion            |       |     1 ||     1
  Eat: Chunk             |     1 |     1 ||     2
Armor: Scale mail        |    87 |    29 ||   116
Dodge: Dodged            |    46 |    18 ||    64
Block: Kite shield       |    79 |    34 ||   113
